 Dungeon Crawl Stone Soup version 0.31-a0-806-g0bc164a743 (webtiles) character file.

Game seed: 11380026522340899857

9160 hikkokomori the Fighter (level 11, -1/83 (87) HPs)
             Began as a Formicid Hexslinger on Sept 20, 2023.
             Was an Elder of Zin.
             Killed by vampiric draining
             ... invoked by a vampire mage
              (9 damage)
             ... on level 10 of the Dungeon.
             The game lasted 00:39:12 (10130 turns).

hikkokomori the Fighter (Formicid Hexslinger)      Turns: 10130, Time: 00:39:13

HP:   -1/83 (87)    AC: 15    Str: 17    XL:     11   Next: 69%
MP:   21/21         EV: 12    Int: 12    God:    Zin [****..]
Gold: 128           SH:  5    Dex: 20    Spells: 10/24 levels left

rFire   + . .        C - +2 arbalest
rCold   . . .        c - +0 buckler {rN+}
rNeg    + . .        B - +4 scale mail {rF+}
rPois   +            (helmet unavailable)
rElec   .            (no cloak)
rCorr   .            h - +1 pair of gloves {Str+3}
SInv    +            A - +2 pair of boots {Stlth+}
Will    +....        (no amulet)
Stlth   +++          u - ring of poison resistance
HPRegen 0.33/turn    (no ring)
MPRegen 0.17/turn

%: no passive effects
@: flayed, on recite cooldown, lightly drained
A: permanent stasis, dig shafts and tunnels, antennae 3, four strong arms
a: Dig, Shaft Self, Renounce Religion, Recite, Vitalisation, Imprison, Donate
Gold


You were on level 10 of the Dungeon.
You worshipped Zin.
Zin was greatly pleased with you.
You visited 3 branches of the dungeon, and saw 12 of its levels.

You collected 627 gold pieces.
You spent 455 gold pieces at shops.
You donated 44 gold pieces to Zin.

Inventory:

Hand Weapons
 a - a +1 sling
 x - a +0 spear of freezing
 C - a +2 arbalest (weapon)
 F - a +0 great sword
Armour
 c - a +0 buckler of positive energy (worn)
 h - a +1 pair of gloves of strength (worn)
 n - a +2 leather armour of fire resistance
 A - a +2 pair of boots of stealth (worn)
 B - a +4 scale mail of fire resistance (worn)
 I - a +0 troll leather armour
Jewellery
 i - a ring of fire
 u - a ring of poison resistance (left hand)
Wands
 v - a wand of roots (10)
 w - a wand of paralysis (5)
 z - a wand of digging (3)
 K - a wand of mindburst (8)
Scrolls
 d - a scroll of fog {unknown}
 g - 4 scrolls of amnesia
 j - a scroll of enchant weapon
 r - a scroll of noise {unknown}
 s - 3 scrolls of vulnerability
 t - 2 scrolls of revelation
 y - 2 scrolls of enchant armour
 D - 2 scrolls of immolation
 J - a scroll of fear
Potions
 e - 4 potions of brilliance
 f - a potion of mutation {unknown}
 k - a potion of lignification
 l - a potion of might
 m - a potion of magic
 o - a potion of cancellation {unknown}
 p - 2 potions of attraction
 q - 2 potions of enlightenment
 G - 2 potions of curing


   Skills:
 + Level 8.7 Fighting
 + Level 8.0 Ranged Weapons
 - Level 5.1 Dodging
 + Level 5.5 Stealth
 + Level 7.0 Spellcasting
 + Level 6.9 Hexes
 - Level 6.0 Fire Magic
 - Level 6.4 Invocations


You had 10 spell levels left.
You knew the following spells:

 Your Spells              Type           Power      Damage    Failure   Level
a - Jinxbite              Hex            40%        N/A       7%          2
b - Inner Flame           Hex/Fire       19%        N/A       17%         3
c - Dimensional Bullseye  Hex/Tloc       6%         N/A       88%         4
d - Freezing Cloud        Conj/Ice/Air   2%         6-21      100%        5

Your spell library contained the following spells:

 Spells                   Type           Power      Damage    Failure   Level
 Sigil of Binding         Hex            20%        N/A       14%         3
 Ensorcelled Hibernation  Hex/Ice        24%        N/A       28%         2
 Cause Fear               Hex            10%        N/A       41%         4
 Freeze                   Ice            16%        1d4       61%         1
 Lesser Beckoning         Tloc           8%         N/A       75%         2
 Passwall                 Tmut/Erth      3%         N/A       75%         2
 Poisonous Vapours        Pois/Air       8%         N/A       75%         2
 Sublimation of Blood     Necr           4%         N/A       75%         2
 Wereblood                Tmut           4%         N/A       75%         2
 Frozen Ramparts          Ice            8%         1d2       93%         3
 Gell's Gravitas          Tloc           4%         N/A       93%         3
 Hailstorm                Conj/Ice       4%         3d4       93%         3
 Mephitic Cloud           Conj/Pois/Air  4%         N/A       93%         3
 Teleport Other           Tloc           4%         N/A       93%         3
 Metabolic Englaciation   Hex/Ice        6%         N/A       99%         5
 Petrify                  Tmut/Erth      4%         N/A       100%        4
 Dispersal                Tloc           2%         N/A       100%        6
 Summon Hydra             Summ           2%         N/A       100%        7
 Swiftness                Air            Unusable   N/A       N/A         3

Dungeon Overview and Level Annotations

Branches:
Dungeon (10/15)            Temple (1/1) D:5            Lair (1/5) D:8
    Orc (0/2) D:9

Altars:
Ashenzari
Cheibriados
Dithmenos
Elyvilon
Fedhas
Gozag
Hepliaklqana
Kikubaaqudgha
Makhleb
Nemelex Xobeh
Qazlal
Ru
Sif Muna
Trog
Uskayaw
Vehumet
Wu Jian
Xom
Yredelemnul
Zin
The Shining One

Shops:
D:4 [   D:5 :*=(

Annotations:
D:1 1 transporter
D:6 3 runed translucent doors, Phlounder's ghost, novice TrWn


Innate Abilities, Weirdness & Mutations

You cannot be hasted, slowed, berserked, paralysed or teleported.
You can dig through walls and to a lower floor.
You have a pair of large antennae on your head. (SInv)
Your four strong arms can wield two-handed weapons with a shield.


Message History

The flayed ghost cries, "Feel what I felt!"
Terrible wounds open up all over your body!
The vampire mage casts a spell at you. The bolt of negative energy hits you!
You partially resist.
You feel drained.
The flayed ghost cries, "Suffer as I suffered!"
Terrible wounds spread across more of your body!
The vampire mage hits you.
The vampire mage bites you but does no damage.
Fire: C) +2 arbalest
Press: ? - help, Shift-Dir - straight line, f/p - vampire mage
Aim: a vampire mage, wearing a +0 robe (almost destroyed, 68% to hit)
You shoot a bolt.
The bolt closely misses the vampire mage.
The bolt hits the flayed ghost!
The flayed ghost is moderately damaged.
The wraith barely misses you. The phantasmal warrior misses you.
The vampire mage gestures at you while chanting.
The bolt of negative energy misses you.
The phantasmal warrior barely misses you.
The wraith barely misses you.
Unknown command.
Unknown command.
Fire: C) +2 arbalest
Press: ? - help, Shift-Dir - straight line, f/p - vampire mage
Aim: a vampire mage, wearing a +0 robe (almost destroyed, 68% to hit)
You shoot a bolt.
The bolt barely misses the vampire mage.
The vampire mage draws life force from you!
* * * LOW HITPOINT WARNING * * *
The vampire mage is healed by the life force!
The phantasmal warrior hits you!! Zin protects you from harm!
The wraith hits you.
* * * LOW HITPOINT WARNING * * *
The wraith drains your vigour!
Your stasis prevents you from being slowed.
The flayed ghost hits you!
* * * LOW HITPOINT WARNING * * *
The vampire mage draws life force from you!
You die...

#..........#
#..######### #[.# #
######## ?#:#?#?#?#
.........# .........####
......WW.#..#
......V@.##.#
......W..'..###
.........#....#
.........#....##########
.........#.>...........[
.........#....##........
?#?#?#?#?#....##..#.####
##########.####..#.#
#.##.####..#.#


You could see a flayed ghost (summoned), a vampire mage, a phantasmal warrior
(summoned) and a wraith (summoned).

Vanquished Creatures
  2 two-headed ogres (D:10)
  3 cane toads (Lair:1)
  2 komodo dragons (Lair:1)
  A kobold demonologist (D:9)
  A rime drake (Lair:1)
  A troll (D:9)
  4 blink frogs (Lair:1)
  A wyvern (D:7)
  6 yaks (Lair:1)
  A basilisk (Lair:1)
  A fire elemental (Lair:1)
  2 steam dragons
  A warg (D:9)
  6 water moccasins
  3 orc warriors (D:9)
  An ice beast (D:6)
  A black bear (D:5)
  3 centaurs
  3 wolves (Lair:1)
  A kobold brigand (D:9)
  A phantom (D:5)
  3 bullfrogs
  2 gnoll sergeants (D:9)
  2 scorpions (D:5)
  8 wights
  A vampire bat (D:4)
  A lava snake (Lair:1)
  A jelly (D:7)
  6 orc priests
  A hound (D:6)
  A gnoll bouda (D:8)
  2 sleepcaps
  2 iguanas
  8 orc wizards
  Robin (D:4)
  13 gnolls
  5 adders
  An ufetubus (D:6)
  A dart slug (D:2)
  3 fire bats (D:4)
  32 orcs
  2 spectral bats (D:4)
  3 ball pythons
  10 bats
  3 bat skeletons (D:4)
  A bat zombie (D:4)
  5 endoplasms
  2 giant cockroaches
  10 goblins
  14 hobgoblins
  2 jackals (D:3)
  A bat simulacrum (D:4)
  3 frilled lizards
  10 kobolds
  4 rats
209 creatures vanquished.

Notes
Turn   | Place    | Note
-------+----------+-------------------------------------------
     0 | D:1      | hikkokomori the Formicid Hexslinger began the quest for the
                  | Orb.
     0 | D:1      | Reached XP level 1. HP: 15/15 MP: 2/2
   368 | D:1      | Reached XP level 2. HP: 21/21 MP: 3/3
   371 | D:1      | Learned a level 2 spell: Jinxbite
   856 | D:2      | Reached XP level 3. HP: 26/26 MP: 5/5
   876 | D:2      | Reached skill level 1 in Stealth
   995 | D:2      | Found a faded altar of an unknown god.
  1283 | D:3      | Reached XP level 4. HP: 26/33 MP: 6/6
  1367 | D:3      | Learned a level 3 spell: Inner Flame
  1727 | D:4      | Noticed Robin
  1742 | D:4      | Killed Robin
  1980 | D:4      | Reached XP level 5. HP: 38/38 MP: 8/8
  2090 | D:4      | Reached XP level 6. HP: 46/46 MP: 9/9
  2289 | D:4      | Found Jilait's Armour Emporium.
  2302 | D:4      | Bought a +1 pair of gloves of strength for 181 gold pieces
  2431 | D:5      | Entered Level 5 of the Dungeon
  2434 | D:5      | Found Nat Zepha's Assorted Antiques.
  2447 | D:5      | Noticed a water moccasin
  2470 | D:5      | Killed a water moccasin
  2626 | D:5      | Found a staircase to the Ecumenical Temple.
  2635 | Temple   | Entered the Ecumenical Temple
  2652 | Temple   | Became a worshipper of Zin the Law-Giver
  2679 | D:5      | Reached XP level 7. HP: 27/52 MP: 9/11
  2794 | D:5      | Found Curphim's Book Boutique.
  2867 | D:5      | Reached skill level 1 in Invocations
  2915 | D:5      | Found a hide-covered altar of Uskayaw.
  2935 | D:5      | You fall into a shaft and drop 2 floors!
  3089 | D:6      | Reached * piety under Zin
  3090 | D:6      | Reached XP level 8. HP: 30/60 MP: 5/13
  3213 | D:5      | Found Ynergh's Antique Weapon Emporium.
  3492 | D:5      | Found a basalt altar of Yredelemnul.
  3492 | D:5      | Found a radiant altar of Vehumet.
  3606 | D:5      | Found Zeolic's Jewellery Shoppe.
  3866 | D:6      | Reached ** piety under Zin
  3868 | D:6      | Found a runed translucent gate.
  3868 | D:6      | Found a runed translucent gate.
  3869 | D:6      | Found a runed translucent gate.
  3873 | D:6      | Noticed Phlounder's ghost (novice TrWn)
  3876 | D:6      | Noticed a troll
  3911 | D:6      | Reached skill level 5 in Hexes
  4067 | D:6      | Learned a level 4 spell: Dimensional Bullseye
  4347 | D:6      | Reached skill level 5 in Fighting
  4531 | D:7      | Reached *** piety under Zin
  4797 | D:7      | Noticed a wyvern
  4798 | D:7      | Reached skill level 5 in Ranged Weapons
  4798 | D:7      | Reached XP level 9. HP: 54/68 MP: 10/14
  5464 | D:8      | Found a blossoming altar of Fedhas.
  5531 | D:8      | Noticed a death yak
  5531 | D:8      | Noticed a death yak
  5914 | D:8      | Found a staircase to the Lair.
  5917 | D:8      | Noticed a death yak
  5917 | D:8      | Noticed a death yak
  5935 | D:9      | Reached skill level 5 in Fire Magic
  6012 | D:9      | Noticed a kobold demonologist
  6016 | D:9      | Noticed a red devil
  6533 | Lair:1   | Entered Level 1 of the Lair of Beasts
  6560 | Lair:1   | Reached XP level 10. HP: 50/77 MP: 15/17
  6676 | Lair:1   | Noticed a cane toad
  6682 | Lair:1   | Killed a cane toad
  6684 | Lair:1   | Noticed a rime drake
  6689 | Lair:1   | Killed a rime drake
  6690 | Lair:1   | Reached skill level 5 in Spellcasting
  6847 | Lair:1   | Noticed a komodo dragon
  6850 | Lair:1   | Killed a komodo dragon
  6896 | Lair:1   | Noticed a cane toad
  6900 | Lair:1   | Killed a cane toad
  6936 | Lair:1   | Learned a level 5 spell: Freezing Cloud
  7004 | Lair:1   | Reached skill level 5 in Invocations
  7005 | Lair:1   | Noticed a komodo dragon
  7014 | Lair:1   | Killed a komodo dragon
  7223 | Lair:1   | Noticed a cane toad
  7227 | Lair:1   | Killed a cane toad
  7228 | Lair:1   | Reached XP level 11. HP: 85/85 MP: 18/20
  7314 | Lair:1   | Reached skill level 5 in Dodging
  8117 | D:4      | Bought a +0 buckler of positive energy for 93 gold pieces
  8117 | D:4      | Bought a +2 pair of boots for 181 gold pieces
  8354 | D:9      | Found a broken altar of Ashenzari.
  8354 | D:9      | Found a sparkling altar of Nemelex Xobeh.
  8355 | D:9      | Found an ornate altar of the Wu Jian Council.
  8893 | D:9      | Reached **** piety under Zin
  9089 | D:9      | Found a staircase to the Orcish Mines.
  9225 | D:10     | Entered Level 10 of the Dungeon
  9225 | D:10     | Noticed a two-headed ogre
  9230 | D:10     | Killed a two-headed ogre
  9231 | D:10     | Reached skill level 5 in Stealth
  9478 | D:10     | Found an ancient bone altar of Kikubaaqudgha.
  9540 | D:10     | Noticed a two-headed ogre
  9547 | D:10     | Killed a two-headed ogre
 10122 | D:10     | Noticed a vampire mage
 10127 | D:10     | Noticed a phantasmal warrior
 10127 | D:10     | Noticed a flayed ghost
 10130 | D:10     | Zin protects you from harm!
 10130 | D:10     | Killed from afar by a vampire mage

Illustrated notes

Levels and vault maps discovered:
D:1:      spicycebolla_arrival_risky_transporter, layout_rooms,
          hangedman_decor_diamond_cutter
D:2:      layout_loops_cross, shapermc_ecumenical_altar_mp_highgroup
D:3:      layout_rooms, nicolae_overflow_hidden_temple
D:4:      layout_cave_pools, serial_column_ruins, column_ruins_hut_ruined,
          column_ruins_columns_straight, column_ruins_grid_1,
          column_ruins_open_medium, column_ruins_corridor_plus,
          column_ruins_corridor_corner, serial_shops,
          nicolae_shop_window_shopping, goddamned_bats, uniq_robin
D:5:      layout_rooms, gammafunk_temple_overflow_forgotten,
          minmay_temple_entry_sparse_star, serial_shops, shop, shop, shop,
          nicolae_shop_stone
D:6:      layout_rooms, gammafunk_ghost_split
D:7:      layout_loops_ring
D:8:      layout_basic, fedhas_altar_2, dpeg_lair_monsters
D:9:      layout_basic, gammafunk_temple_overflow_claw, david_orc_1_choice
D:10:     layout_loops_ring, kiku_gazebo_pond_becter, minmay_librarian
Temple:   nicolae_temple_god_jail
Lair:1:   statuecave_lemuel, layout_gridlike

Skill      XL: |  1  2  3  4  5  6  7  8  9 10 11 |
---------------+----------------------------------+-----
Stealth        | 1 2 3 4 5 |  5.5
Hexes          | 4 5 6 |  6.9
Fighting       | 2 3 4 5 6 7 8 |  8.7
Spellcasting   | 2 3 4 6 7 |  7.0
Fire Magic     | 2 3 4 5 6 |  6.0
Ranged Weapons | 3 4 5 6 7 8 |  8.0
Invocations    | 2 3 5 6 |  6.4
Dodging        | 3 4 5 |  5.1

Action                     |  1- 3 |  4- 6 |  7- 9 | 10-12 || total
---------------------------+-------+-------+-------+-------++-------
  Melee: Rapier            |       |     2 |       |       ||     2
   Fire: Sling             |    70 |   183 |   126 |       ||   379
         Arbalest          |       |       |   109 |   141 ||   250
   Cast: Jinxbite          |     1 |     7 |     6 |     1 ||    15
         Inner Flame       |       |       |    37 |    29 ||    66
 Invoke: Vitalisation      |       |       |     1 |       ||     1
         Recite            |       |       |       |     1 ||     1
Ability: Dig               |       |     1 |     1 |     1 ||     3
         Shaft Self        |       |       |     1 |       ||     1
    Use: Scroll            |       |     8 |     6 |     6 ||    20
         Potion            |       |     3 |     2 |     2 ||     7
   Stab: Invisible         |       |     1 |       |       ||     1
 Armour: Robe              |    12 |    32 |       |       ||    44
         Animal skin       |       |    83 |    29 |       ||   112
         Leather armour    |       |       |   104 |    63 ||   167
         Scale mail        |       |       |       |     8 ||     8
  Dodge: Dodged            |    10 |   173 |   111 |    51 ||   345
  Block: Buckler           |       |       |       |     6 ||     6

Table legend: (Time is in decaauts)
 A = Elapsed time spent in this place.
 B = Non-inter-level travel time spent in this place.
 C = Inter-level travel time spent in this place.
 D = Time resting spent in this place.
 E = Time spent auto-exploring this place.
 F = Levels seen in this place.
 G = Mean time per level.
                   A        B        C        D        E       F      G
               +--------+--------+--------+--------+--------+-----+--------+
         Total |  10387 |   9859 |    528 |   2378 |   5385 |  12 |  865.6 |
       Dungeon |   8790 |   8314 |    476 |   2063 |   4447 |  10 |  879.0 |
        Temple |     27 |     26 |      1 |      0 |      0 |   1 |   27.0 |
          Lair |   1569 |   1518 |     51 |    315 |    938 |   1 | 1569.0 |
               +--------+--------+--------+--------+--------+-----+--------+

Top non-repeatable levels by time:
  Lair:1: 1569 daAuts
     D:5: 1314 daAuts
     D:9: 1136 daAuts
     D:7: 1090 daAuts
     D:8: 945 daAuts
    D:10: 922 daAuts
     D:4: 843 daAuts
     D:6: 766 daAuts
     D:2: 721 daAuts
     D:1: 535 daAuts
     D:3: 515 daAuts
  Temple: 27 daAuts
